 Dungeon Crawl Stone Soup version 0.26-a0-737-g4e9f4955e2 (webtiles) character file.

Game seed: 12903513181124111340

7 jiml777 the Magician (level 1, 0/10 HPs)
             Began as a Deep Elf Air Elementalist on Nov 4, 2020.
             Slain by a kobold (3 damage)
             ... on level 2 of the Dungeon.
             The game lasted 00:02:21 (126 turns).

jiml777 the Magician (Deep Elf Air Elementalist)     Turns: 126, Time: 00:02:22

Health: 0/10       AC:  2    Str:  5    XL:     1   Next: 91%
Magic:  0/6        EV: 13    Int: 19    God:
Gold:   0          SH:  0    Dex: 15    Spells: 5/6 levels left

rFire    . . .     SeeInvis .   (no weapon)
rCold    . . .     Faith    .   (no shield)
rNeg     . . .     Spirit   .   a - +0 robe
rPois    .         Reflect  .   (no helmet)
rElec    .         Harm     .   (no cloak)
rCorr    .         Rampage  .   (no gloves)
MR       .....                  (no boots)
Stlth    ++........             (no amulet)
HPRegen  0.03/turn              (no ring)
MPRegen  0.10/turn              (no ring)

@: flying, very slightly contaminated
A: no striking features
a: no special abilities


You were on level 2 of the Dungeon.
You visited 1 branch of the dungeon, and saw 2 of its levels.

Inventory:

Armour
 a - a +0 robe (worn)
Scrolls
 d - 2 scrolls of identify {unknown}
Potions
 b - a potion of flight


   Skills:
 + Level 2.4 Dodging
 + Level 2.6 Stealth
 + Level 3.3 Spellcasting
 + Level 1.1 Conjurations
 + Level 3.2 Air Magic


You had 5 spell levels left.
You knew the following spells:

 Your Spells              Type           Power        Failure   Level
a - Shock                 Conj/Air       ##..         6%          1

Your spell library contained the following spells:

 Spells                   Type           Power        Failure   Level
 Swiftness                Air            ###.....     6%          2
 Static Discharge         Conj/Air       ##......     19%         3
 Airstrike                Air            ###.......   36%         4
 Lightning Bolt           Conj/Air       ##........   86%         5


Dungeon Overview and Level Annotations

Branches:
Dungeon (1/15)

Altars:

Annotations:
D:2 Terence


Message History

You closely miss the kobold. The kobold barely misses you. The worm misses you.
You barely miss the kobold. The kobold hits you.
You hit the kobold.
The kobold is moderately wounded.
The worm bites you. The kobold closely misses you.
You barely miss the kobold.
The kobold is moderately wounded.
The kobold hits you.
* * * LOW HITPOINT WARNING * * *
The worm barely misses you.
You hit the kobold.
The kobold is heavily wounded.
The kobold misses you.
You hit the kobold.
The kobold is severely wounded.
The kobold closely misses you. The worm closely misses you.
You barely miss the kobold.
The kobold is severely wounded.
The kobold hits you.
You die...

###.# . ##. #...#
#. #.. ###.#..
#[##.#######...#..
#............w.w..
##...######.#####.
...........# ##
######..##...## #
##SK@w..w.#....# #
#.b######...##..#
# #.## ##..# #..#
...# #.... ...#
...## ##.#####.w.
#...# #.# .## #..#
..# . ... .## ...


You could see a worm, an adder, a dart slug, a bat and a kobold.

Vanquished Creatures
  A dart slug (D:1)
  A goblin (D:2)
  A hobgoblin (D:1)
  A kobold (D:2)
  A rat (D:2)
5 creatures vanquished.

Notes
Turn   | Place    | Note
-------+----------+-------------------------------------------
     0 | D:1      | jiml777 the Deep Elf Air Elementalist began the quest for
                  | the Orb.
     0 | D:1      | Reached XP level 1. HP: 10/10 MP: 6/6
    85 | D:1      | You fall into a shaft and drop 1 floor!
    86 | D:2      | Noticed Terence
   126 | D:2      | Slain by a kobold

Illustrated notes

Levels and vault maps discovered:
D:1:      lemuel_arrival_behind_the_door_large, layout_loops_ring
D:2:      layout_rooms, vehumet_crystals, old_standard_altar,
          lemuel_round_altar, nicolae_overflow_hidden_temple,
          corexii_corridor_pit, uniq_terence

Action                   || total
-------------------------++-------
Melee: Unarmed           ||     7
 Cast: Shock             ||     8
  Use: Potion            ||     2
Armor: Robe              ||     4
Dodge: Dodged            ||    11

Table legend: (Time is in decaauts)
 A = Elapsed time spent in this place.
 B = Non-inter-level travel time spent in this place.
 C = Inter-level travel time spent in this place.
 D = Time resting spent in this place.
 E = Time spent auto-exploring this place.
 F = Levels seen in this place.
 G = Mean time per level.
                   A        B        C        D        E       F      G
               +--------+--------+--------+--------+--------+-----+--------+
         Total |    125 |    125 |      0 |     31 |     13 |   2 |   62.5 |
       Dungeon |    125 |    125 |      0 |     31 |     13 |   2 |   62.5 |
               +--------+--------+--------+--------+--------+-----+--------+

Top non-repeatable levels by time:
     D:1: 85 daAuts
     D:2: 40 daAuts
